 Dungeon Crawl Stone Soup version 0.23-a0-8-gb809bb7 (webtiles) character file.

164 wissler1 the Skirmisher (level 5, -3/57 HPs)
             Began as an Ogre Berserker on Aug 1, 2018.
             Was a Priest of Trog.
             Slain by an ogre
             ... wielding a +0 giant club
              (6 damage)
             ... on level 4 of the Dungeon.
             The game lasted 00:11:15 (1897 turns).

wissler1 the Skirmisher (Ogre Berserker)            Turns: 1897, Time: 00:11:15

Health: -3/57      AC:  3    Str: 21 (22) XL:     5   Next: 45%
Magic:  5/5        EV: 10    Int: 13      God:    Trog [***...]
Gold:   137        SH:  0    Dex:  7 (8)  Spells: 4/4 levels left

rFire    . . .     SeeInvis .   h - +2 hand axe (venom)
rCold    + . .     Gourm    .   (no shield)
rNeg     . . .     Faith    .   b - +0 animal skin
rPois    .         Spirit   .   (helmet restricted)
rElec    .         Reflect  .   (no cloak)
rCorr    .         Harm     .   (gloves unavailable)
MR       .....                  (boots unavailable)
Stlth    +.........             (no amulet)
HPRegen  0.19/turn              m - ring of protection from cold
MPRegen  0.09/turn              (no ring)

@: brilliant
A: large, unfitting armour, tough skin 1
a: Berserk, Trog's Hand, Renounce Religion


You were on level 4 of the Dungeon.
You worshipped Trog.
Trog was most pleased with you.
You were not hungry.

You visited 1 branch of the dungeon, and saw 4 of its levels.

You collected 137 gold pieces.

Inventory:

Hand Weapons
 a - a +0 falchion
 h - a +2 hand axe of venom (weapon)
 l - a +0 hunting sling
Armour
 b - a +0 animal skin (worn)
 i - a cursed +0 pair of gloves
 o - a +0 scale mail
Jewellery
 m - a ring of protection from cold (left hand)
 q - an uncursed amulet of rage {unknown}
Scrolls
 d - 5 scrolls of identify {unknown}
 e - 2 scrolls of teleportation {unknown}
 g - 2 scrolls of magic mapping {unknown}
 j - a scroll of fear {unknown}
 k - a scroll of amnesia {unknown}
 n - a scroll of remove curse {unknown}
Comestibles
 c - 4 rations


   Skills:
 + Level 5.3 Fighting
 * Level 3.9 Long Blades
 + Level 1.3 Axes
 + Level 3.4 Dodging
 + Level 0.1 Stealth


You had 4 spell levels left.
You didn't know any spells.
Your spell library was empty.

Dungeon Overview and Level Annotations

Branches:
Dungeon (4/15)
 Temple: D:4-7

Altars:

Annotations:
D:4 Grinder


Innate Abilities, Weirdness & Mutations

You are too large for most types of armour.
You have tough skin. (AC +1)


Message History

You see here a jackal corpse.
You hit the ogre.
The ogre is moderately wounded.
You hit the jackal.
The jackal is poisoned.
You kill the jackal!
Trog accepts your kill. The ogre hits you with a giant club!
Grinder says, "DUCK!"
Grinder blinks!
You barely miss the ogre.
The ogre is moderately wounded.
The ogre hits you with a giant club!
You barely miss the ogre.
The ogre is moderately wounded.
The ogre hits you with a giant club!!
* * * LOW HITPOINT WARNING * * *
It was a potion of brilliance.
You feel clever all of a sudden. The ogre hits you with a giant club.
You die...

# ### .#....
###.[%...
#.#.#######...#....
#.....<@O.5†.......
#########.......#..
#.####..# ...# .#
..### # ##. #


You could see Grinder and an ogre.

Vanquished Creatures
  A crimson imp (D:3)
  4 gnolls (D:2)
  2 adders (D:2)
  An ooze (D:3)
  3 worms (D:3)
  A dart slug (D:3)
  3 leopard geckos
  An orc (D:3)
  2 giant cockroaches
  4 goblins
  7 hobgoblins
  5 jackals
  5 kobolds
  2 quokkas
  A ball python (D:1)
  4 bats
  5 frilled lizards
  7 rats
58 creatures vanquished.

Notes
Turn   | Place    | Note
-------+----------+-------------------------------------------
     0 | D:1      | wissler1 the Ogre Berserker began the quest for the Orb.
     0 | D:1      | Reached XP level 1. HP: 24/24 MP: 1/1
   128 | D:1      | Reached XP level 2. HP: 23/32 MP: 2/2
   645 | D:1      | Upgraded the game from 0.23-a0-4-g8f018a2 to 0.23-a0-8-gb809bb7
   819 | D:2      | Reached XP level 3. HP: 10/41 MP: 3/3
   856 | D:2      | Reached ** piety under Trog
  1132 | D:2      | Reached XP level 4. HP: 29/49 MP: 4/4
  1138 | D:2      | HP: 2/49 [gnoll/spear (4)]
  1141 | D:2      | Reached skill level 5 in Fighting
  1558 | D:3      | Reached XP level 5. HP: 38/57 MP: 5/5
  1565 | D:3      | Reached *** piety under Trog
  1577 | D:3      | Reached skill level 1 in Axes
  1885 | D:4      | Noticed an ogre
  1889 | D:4      | Noticed Grinder
  1897 | D:4      | Slain by an ogre

Vault maps used:
D:1:      minmay_arrival_radiant_lines
D:2:      patterned_corridor
D:3:      serial_bayou_ford_a, kennysheep_decorative_pillar
D:4:      temple_doors_e, first_ration, lemuel_blue_sif_altar, uniq_edmund,
          uniq_menkaure, uniq_grinder

Skill      XL: |  1  2  3  4  5 |
---------------+----------------+-----
Long Blades    | 3 |  3.9
Dodging        | 3 |  3.4
Fighting       | 5 |  5.3
Axes           | 1 |  1.3
Stealth        | |  0.1

Action                   |  1- 3 |  4- 6 || total
-------------------------+-------+-------++-------
Melee: Falchion          |    66 |       ||    66
       Hand axe          |    21 |    85 ||   106
Invok: Berserk           |     1 |     1 ||     2
  Use: Potion            |     2 |     5 ||     7
  Eat: Ration            |     1 |     1 ||     2
Armor: Animal skin       |    33 |    25 ||    58
Dodge: Dodged            |    57 |    31 ||    88
       Rpst.: Falchion   |    17 |       ||    17

Table legend:
 A = Spawn XP
 B = Non-spawn XP
 C = Spawn XP percentage of total XP
 D = Spawn monster count
 E = Non-spawn monster count
 F = Spawn count percentage of total count
 G = Total turns spent on level
                    A         B        C        D         E        F      G
               +---------+---------+-------+---------+---------+-------+---------
         Total |       0 |     235 |   0.0 |       0 |      58 |   0.0 |  1897
               +---------+---------+-------+---------+---------+-------+---------
           D:1 |       0 |      24 |   0.0 |       0 |      16 |   0.0 |   605
           D:2 |       0 |     102 |   0.0 |       0 |      19 |   0.0 |   731
           D:3 |       0 |     105 |   0.0 |       0 |      21 |   0.0 |   545
           D:4 |       0 |       4 |   0.0 |       0 |       2 |   0.0 |    16
               +---------+---------+-------+---------+---------+-------+---------
